 Dungeon Crawl Stone Soup version 0.20-a0-1122-gb7cbeb9 (webtiles) character file.

98 Gorglomux the Firebug (level 4, -1/33 HPs)
             Began as a Draconian Fire Elementalist on May 13, 2017.
             Slain by a goblin
             ... wielding a +0 long sword
              (5 damage)
             ... on level 2 of the Dungeon.
             The game lasted 00:06:37 (1607 turns).

Gorglomux the Firebug (Draconian Fire Elementalist) Turns: 1607, Time: 00:06:38

Health: -1/33      AC:  5    Str: 10    XL:     4   Next: 44%
Magic:  0/7        EV: 12    Int: 17    God:
Gold:   82         SH:  0    Dex: 11    Spells: 4/8 levels left

rFire    . . .     SeeInvis .   l - +4 whip
rCold    . . .     Gourm    .   (no shield)
rNeg     . . .     Faith    .   (armour unavailable)
rPois    .         Spirit   .   (helmet restricted)
rElec    .         Reflect  .   (no cloak)
rCorr    .         Harm     .   (no gloves)
MR       .....                  (no boots)
Stlth    ++........             (no amulet)
Regen    0.2/turn               (no ring)
MPRegen  0.1/turn               (no ring)

@: no status effects
A: unfitting armour, cold-blooded, AC +5
a: no special abilities


You were on level 2 of the Dungeon.
You were not hungry.

You visited 1 branch of the dungeon, and saw 2 of its levels.

You collected 82 gold pieces.

Inventory:

Hand Weapons
 d - a +0 hand axe
   (You found it on level 1 of the Dungeon)
 l - a +4 whip (weapon)
   (You took it off a gnoll on level 2 of the Dungeon)
Scrolls
 e - 2 scrolls of identify {unknown}
 f - 2 scrolls of magic mapping {unknown}
 h - 2 scrolls of teleportation {unknown}
 j - a scroll of amnesia {unknown}
 k - a scroll of recharging {unknown}
Potions
 c - 2 potions of curing {unknown}
 g - a potion of mutation {unknown}
Books
 a - a book of Flames
Comestibles
 b - 3 bread rations {@e1@e1}
 i - 2 meat rations {@e2@e2}
 m - a chunk of flesh {@w0@w0}
 n - 3 fruits


   Skills:
 - Level 1.7 Dodging
 - Level 1.7 Stealth
 + Level 2.6 Spellcasting
 * Level 3.2 Conjurations
 + Level 3.7 Fire Magic


You had 4 spell levels left.
You knew the following spells:

 Your Spells              Type           Power        Failure   Level  Hunger
a - Flame Tongue          Conj/Fire      ##...        4%          1    #......
c - Conjure Flame         Conj/Fire      ##......     13%         3    ###....


Dungeon Overview and Level Annotations

Branches:
Dungeon (2/15)

Altars:
Trog

Annotations:
D:2 1 runed door


Innate Abilities, Weirdness & Mutations

Your plain brown scales are hard. (AC +5)
You cannot fit into any form of body armour.
You are cold-blooded and may be slowed by cold attacks.


Message History

The flame tongue hits the rat.
You now have 2/7 mp.
Aim: a rat (severely wounded, berserk, fast, unusually strong)
You miscast Flame Tongue.
You are very lightly contaminated with residual magic.
Wisps of smoke drift from your hands.
You feel sick.
The moth of wrath goads the rat on!
The rat goes berserk!
The rat bites you but does no damage. The worm misses you.
You take 1 damage, and have 27/33 hp.
You now have 1/7 mp.
Aim: a rat (severely wounded, berserk, fast, unusually strong)
The flame tongue misses the rat.
The flame tongue hits the rat.
You kill the rat!
The rat bites you but does no damage. The rat closely misses you.
You now have 0/7 mp.
You don't have enough magic to cast that spell.
You hit the rat.
You kill the rat!
You feel sick.
You take 1 damage, and have 26/33 hp.
A goblin comes into view. It is wielding a long sword.
The worm bites you!
Things that are here:
a short sword of venom; a rat corpse x2
You take 8 damage, and have 18/33 hp.
MASSIVE DAMAGE!!
You butcher the rat corpse.
The worm barely misses you.
Things that are here:
a short sword of venom; a chunk of flesh {@w0@w0}; a rat corpse You butcher the rat corpse.
Items here: %% ) ÷ a short sword of venom; a chunk of flesh {@w0@w0} x2; a rat skeleton You feel sick.
You take 1 damage, and have 18/33 hp.
Aim: a worm The flame tongue hits the worm.
You now have 0/7 mp.
You are too injured to fight recklessly!
You are too injured to fight recklessly!
You are too injured to fight recklessly!
You barely miss the worm. The worm closely misses you.
You barely miss the worm. The worm bites you but does no damage.
You hit the worm.
Your tail-slap misses the worm.
You feel sick.
You take 1 damage, and have 17/33 hp.
You whack the worm!
You kill the worm!
The goblin shouts!
The goblin unwields an uncursed long sword.
The goblin wields a hunting sling.
The goblin shoots a stone.
The stone hits you but does no damage.
Items here: %% ( ) ÷ † a stone; a short sword of venom; a chunk of flesh {@w0@w0} x2; a worm corpse a rat skeleton You butcher the worm corpse.
The goblin shoots a stone.
The stone hits you but does no damage.
Items here: %%% ( ) ÷ 2 stones; a short sword of venom; a chunk of flesh {@w0@w0} x2 3 chunks of flesh {@w0@w0}; a rat skeleton There isn't anything to butcher here.
There isn't anything to butcher here.
You feel sick.
You are no longer poisoned.
The goblin shoots a stone.
The stone misses you.
Found a mace.
Found a bloodstained altar of Trog.
You take 1 damage, and have 17/33 hp.
The goblin shoots a stone.
The stone barely misses you.
The moth of wrath goads the rat on!
The rat goes berserk!
Aim: a rat (berserk, fast, unusually strong)
The flame tongue hits the rat.
You now have 0/7 mp.
You don't have enough magic to cast that spell.
You closely miss the rat. The rat bites you but does no damage.
The rat misses you.
Your magical contamination has completely faded away.
You hit the rat.
You kill the rat!
The goblin unwields an uncursed hunting sling.
The goblin wields an uncursed long sword.
The goblin hits you with an uncursed long sword.
The moth of wrath goads the goblin on!
The goblin goes berserk!
You take 1 damage, and have 16/33 hp.
You closely miss the goblin. The goblin barely misses you.
You closely miss the goblin.
The goblin hits you with an uncursed long sword!
* * * LOW HITPOINT WARNING * * *
The goblin closely misses you.
You take 9 damage, and have 7/33 hp.
MASSIVE DAMAGE!!
Aim: a goblin, wielding a long sword (berserk, fast, unusually strong)
The flame tongue hits the goblin.
The goblin misses you.
You now have 0/7 mp.
You hit the goblin.
Your tail-slap misses the goblin.
The goblin hits you with an uncursed long sword.
* * * LOW HITPOINT WARNING * * *
You take 4 damage, and have 4/33 hp.
Unknown command.
The goblin hits you with an uncursed long sword.
You die...

#..........##..##.# ##..#
..########...†.##.# #...#
###....##.#.<.##.###...#
##.......##....##.##.....
#.........#..#.##..#.#.##
#....#....##.#.###...#.#
....###...##.#.# #..##.# #.###%
.._.#y#...((.#.# ##.#..# #...#..
)...###.@.####.# #.#.## #.#....
#....#.g..####.# ##.#.#
.......##.........#.##.# #....#
.>......##)......##.##.# #.#)####
#.......###....##..##.###...###.
#.#..#...#######.......#........
##...................#..#....####
.....##.............##......##
.......^...................##


You could see a moth of wrath and a goblin (berserk).

Vanquished Creatures
  Terence (D:2)
  3 gnolls (D:2)
  A worm (D:2)
  4 dart slugs
  A giant cockroach (D:1)
  A goblin (D:2)
  6 hobgoblins
  5 jackals (D:2)
  2 bats (D:2)
  3 frilled lizards
  A kobold (D:2)
  7 rats
35 creatures vanquished.

Notes
Turn   | Place    | Note
-------+----------+-------------------------------------------
     0 | D:1      | Gorglomux the Draconian Fire Elementalist began the quest for the Orb.
     0 | D:1      | Reached XP level 1. HP: 14/14 MP: 3/3
   259 | D:1      | Reached XP level 2. HP: 20/20 MP: 3/5
   452 | D:1      | Reached skill level 2 in Conjurations
   706 | D:2      | Found a runed door.
   918 | D:2      | Noticed Terence
   938 | D:2      | HP: 4/20 [Terence/short sword (4)]
   999 | D:2      | Killed Terence
   999 | D:2      | Reached XP level 3. HP: 9/26 MP: 0/6
  1250 | D:2      | Learned a level 3 spell: Conjure Flame
  1283 | D:2      | Reached XP level 4. HP: 31/33 MP: 0/7
  1315 | D:2      | Reached skill level 3 in Conjurations
  1571 | D:2      | Noticed a moth of wrath
  1597 | D:2      | Found a bloodstained altar of Trog.
  1604 | D:2      | HP: 7/33 [goblin/uncursed long sword (9)]
  1607 | D:2      | Slain by a goblin

Vault maps used:
D:1:      minmay_arrival_shattered_statue
D:2:      tgw_trog, chequers_ecumenical_altar_grove, first_bread, uniq_terence,
          uniq_natasha, uniq_crazy_yiuf_cottage

Skill      XL: |  1  2  3  4 |
---------------+-------------+-----
Conjurations   | 2 3 |  3.2
Dodging        | |  1.7
Stealth        | |  1.7
Spellcasting   | |  2.6
Fire Magic     | |  3.7

Action                   |  1- 3 |  4- 6 || total
-------------------------+-------+-------++-------
Melee: Hand axe          |    42 |       ||    42
       Tailslap          |     2 |     4 ||     6
       Whip              |       |    37 ||    37
 Cast: Flame Tongue      |    35 |    12 ||    47
       Conjure Flame     |     1 |       ||     1
 Stab: Sleeping          |       |     1 ||     1
  Eat: Chunk             |     1 |     2 ||     3
Armor: Skin              |    13 |    15 ||    28
Dodge: Dodged            |    48 |    27 ||    75

Vault maps used:
D:1:      minmay_arrival_shattered_statue
D:2:      tgw_trog, chequers_ecumenical_altar_grove, first_bread, uniq_terence,
          uniq_natasha, uniq_crazy_yiuf_cottage

Table legend:
 A = Turns spent in this place as a percentage of turns spent in the entire game.
 B = Non-inter-level travel turns spent in this place as a percentage of non-inter-level travel turns spent in the entire game.
 C = Inter-level travel turns spent in this place as a percentage of turns spent in this place.
 D = Turns resting spent in this place as a percentage of non-inter-level travel turns spent in this place.
 E = Turns spent auto-exploring this place as a percentage of non-inter-level travel turns spent in this place.
 F = Non-inter-level travel turns spent in this place divided by the number of levels of this place that you've seen.
                   A       B       C       D       E      F
               +-------+-------+-------+-------+-------+----------------------
         Total | 100.0 | 100.0 |   0.2 |   3.0 |   5.9 | 280.0
       Dungeon | 100.0 | 100.0 |   0.2 |   3.0 |   5.9 | 280.0
               +-------+-------+-------+-------+-------+----------------------

Table legend:
 A = Kills in this place as a percentage of kills in entire the game.
 B = Kills by you in this place as a percentage of kills by you in the entire game.
 C = Kills by friends in this place as a percentage of kills by friends in the entire game.
 D = Other kills in this place as a percentage of other kills in the entire game.
 E = Experience gained in this place as a percentage of experience gained in the entire game.
 F = Experience gained in this place divided by the number of levels of this place that you have seen.
                   A       B       C       D       E      F
               +-------+-------+-------+-------+-------+----------------------
         Total | 100.0 | 100.0 |  -nan |  -nan | 100.0 |  70.5
       Dungeon | 100.0 | 100.0 |  -nan |  -nan | 100.0 |  70.5
               +-------+-------+-------+-------+-------+----------------------
